 Dungeon Crawl Stone Soup version 0.22-a0-32-ga749362 (webtiles) character file.

328 wvc the Twirler (level 6, -9/45 HPs)
             Began as a Demonspawn Gladiator on Jan 3, 2018.
             Was a Follower of Okawaru.
             Splashed by Ijyb's acid (13 damage)
             ... on level 4 of the Dungeon.
             The game lasted 00:06:46 (3240 turns).

wvc the Twirler (Demonspawn Gladiator)              Turns: 3240, Time: 00:06:47

Health: -9/45      AC:  8    Str: 16    XL:     6   Next: 25%
Magic:  0/6        EV:  7    Int: 10    God:    Okawaru [*.....]
Gold:   222        SH:  0    Dex: 14    Spells: 5/5 levels left

rFire    + + .     SeeInvis .   a - +1 quarterstaff
rCold    . . .     Gourm    .   (shield currently unavailable)
rNeg     . . .     Faith    .   g - +0 chain mail {rF+}
rPois    .         Spirit   +   (helmet restricted)
rElec    .         Reflect  .   (no cloak)
rCorr    .         Harm     .   o - +1 pair of gloves
MR       .....                  h - +0 pair of boots
Stlth    ..........             s - amulet of guardian spirit
HPRegen  0.15/turn              (no ring)
MPRegen  0.10/turn              (no ring)

@: corroded
A: horns 2, rugged brown scales 1, clumsy 1, demonic guardian 1, fire resistance
1, strong 1
a: Heroism, Renounce Religion


You were on level 4 of the Dungeon.
You worshipped Okawaru.
Okawaru was aware of your devotion.
You were not hungry.

You visited 1 branch of the dungeon, and saw 5 of its levels.

You collected 222 gold pieces.

Inventory:

Hand Weapons
 a - a +1 quarterstaff (weapon)
Missiles
 d - 3 throwing nets (quivered)
 r - 8 poisoned needles
Armour
 g - a +0 chain mail of fire resistance (worn)
 h - a +0 pair of boots (worn)
 o - a +1 pair of gloves (worn)
Jewellery
 s - an amulet of guardian spirit (around neck)
Wands
 p - a wand of random effects (30)
Scrolls
 e - 4 scrolls of identify
 i - a scroll of teleportation
 m - 2 scrolls of remove curse
 q - a scroll of amnesia
Potions
 b - 2 potions of haste
 c - a potion of brilliance
 j - a potion of degeneration {unknown}
 k - 2 potions of agility {unknown}
 l - a potion of magic {unknown}
 n - 4 potions of curing
 t - a potion of flight
Comestibles
 f - 9 rations


   Skills:
 - Level 2.0 Fighting
 + Level 6.5 Staves
 - Level 1.7 Throwing
 - Level 2.6 Dodging


You had 5 spell levels left.
You didn't know any spells.

Dungeon Overview and Level Annotations

Branches:
Dungeon (5/15)             Temple (0/1) D:5

Altars:
Cheibriados
Hepliaklqana
Okawaru
Uskayaw
Xom

Annotations:
D:4 Ijyb


Innate Abilities, Weirdness & Mutations

You have a pair of horns on your head.
You are partially covered in rugged brown scales. (AC +1, +3% HP)
A weak demonic guardian rushes to your aid.
You are clumsy. (Dex -2)
Your flesh is heat resistant. (rF+)
Your muscles are strong. (Str +2)


Message History

You hear the rapid rusting of a very distant drain.
n - 4 potions of curing (gained 1) Ijyb the Twisted Goblin comes into view.
She is wielding a dagger.
Ijyb shouts!
You hear the drain falling apart.
Ijyb drinks a potion.
Ijyb seems to speed up.
Ijyb zaps a wand.
The bolt of acid hits you! The acid corrodes you!
You are splashed with acid!
The acid burns!
It is a wand of acid (8).
Ijyb zaps a wand.
The bolt of acid hits you!
You are splashed with acid!
The acid burns!
Ijyb zaps a wand.
The bolt of acid hits your iron imp.
Your iron imp is splashed with acid.
Your iron imp dies!
The bolt of acid misses you. Ijyb screams, "Me kill you!"
Ijyb is nearby!
Ijyb zaps a wand.
The bolt of acid hits you!
* * * LOW HITPOINT WARNING * * *
You are splashed with acid!
The acid burns!
You die...

.................#...............
.................####..###...##..
#######'#####.......#..###...##..
.....)......#.......#....#.......
............#.......#....#..)....
............#.......#....#.......
............#.......#....+.......
............#.......#....#.......
#######.##.##...@...######...###.
#######.##.######g......########.
..#........# #.......#........
..'........+ #.......#........
..#.......(# #.......+........
###..###...# #.......#...#####
.##..#####+#......##+####+# #
.......# #......+ .......#
#......#


You could see Ijyb.

Vanquished Creatures
  An orc priest (D:4)
  2 orc wizards (D:4)
  A worker ant (D:4)
  Robin (D:2)
  3 gnolls (D:4)
  7 adders
  An ooze (D:2)
  An adder zombie (D:4)
  A worm (D:2)
  3 dart slugs
  A leopard gecko (D:2)
  6 orcs
  2 giant cockroaches (D:1)
  15 goblins
  5 hobgoblins
  10 jackals
  6 kobolds
  2 quokkas
  A ball python skeleton (D:4)
  5 bats
  3 frilled lizards
  A leopard gecko skeleton (D:4)
  3 rats
  A bush (D:2)
82 creatures vanquished.

Vanquished Creatures (collateral kills)
  A gnoll shaman (D:4)
  A gnoll (D:4)
  A goblin (D:2)
3 creatures vanquished.

Grand Total: 85 creatures vanquished

Notes
Turn   | Place    | Note
-------+----------+-------------------------------------------
     0 | D:1      | wvc the Demonspawn Gladiator began the quest for the Orb.
     0 | D:1      | Reached XP level 1. HP: 16/16 MP: 1/1
   119 | D:1      | Reached skill level 3 in Staves
   531 | D:1      | Gained mutation: You are partially covered in rugged brown scales. (AC +1, +3% HP) [demonic ancestry]
   531 | D:1      | Reached XP level 2. HP: 15/22 MP: 2/2
   867 | D:2      | Gained mutation: A weak demonic guardian rushes to your aid. [demonic ancestry]
   867 | D:2      | Reached XP level 3. HP: 27/27 MP: 3/3
   877 | D:2      | Found a shimmering altar of Xom.
   892 | D:2      | Reached skill level 4 in Staves
  1154 | D:2      | Found an iron altar of Okawaru.
  1206 | D:2      | Found a hazy altar of Hepliaklqana.
  1206 | D:2      | Found a snail-covered altar of Cheibriados.
  1208 | D:2      | Became a worshipper of Warmaster Okawaru
  1284 | D:2      | Gained mutation: Your flesh is heat resistant. (rF+) [potion of mutation]
  1284 | D:2      | Gained mutation: Your mind is acute. (Int +2) [potion of mutation]
  1284 | D:2      | Gained mutation: Your spells are a little harder to cast, but a little more powerful. [potion of mutation]
  1303 | D:2      | Noticed Robin
  1340 | D:2      | Gained mutation: You have a pair of small horns on your head. [demonic ancestry]
  1340 | D:2      | Reached XP level 4. HP: 18/33 MP: 4/4
  1357 | D:2      | Killed Robin
  1684 | D:2      | Lost mutation: Your mind is acute. (Int +2) [potion of mutation]
  1684 | D:2      | Lost mutation: Your spells are a little harder to cast, but a little more powerful. [potion of mutation]
  1684 | D:2      | Gained mutation: You are clumsy. (Dex -2) [potion of mutation]
  1684 | D:2      | Gained mutation: Your muscles are strong. (Str +2) [potion of mutation]
  1908 | D:3      | Reached skill level 5 in Staves
  2400 | D:3      | Reached XP level 5. HP: 37/39 MP: 3/5
  2823 | D:5      | Entered Level 5 of the Dungeon
  2823 | D:5      | Found a staircase to the Ecumenical Temple.
  2823 | D:5      | Noticed a centaur
  2823 | D:5      | Noticed an ogre
  3061 | D:4      | Reached * piety under Okawaru
  3061 | D:4      | Reached skill level 6 in Staves
  3094 | D:4      | Gained mutation: You have a pair of horns on your head. [demonic ancestry]
  3094 | D:4      | Reached XP level 6. HP: 39/45 MP: 6/6
  3109 | D:4      | Found a hide-covered altar of Uskayaw.
  3229 | D:4      | Noticed Ijyb
  3240 | D:4      | Splashed by Ijyb's acid

Vault maps used:
D:1:      grunt_arrival_crossed_arrows, minmay_misc_feat_diagonals, nrook_uturn,
          hangedman_decor_growths
D:2:      gammafunk_temple_overflow_forgotten, xom_butterflies, glass_columns_c,
          uniq_robin
D:3:      first_ration, minmay_misc_feat_tiny
D:4:      eat_drink_and_be_merry_uskayaw, cheibrodos_sewer_entry_bend,
          minmay_bent, uniq_ijyb
D:5:      minmay_temple_entry_butterflies, minmay_misc_feat_enclosed,
          nicolae_underground_beach

Skill      XL: |  1  2  3  4  5 |
---------------+----------------+-----
Staves         | 3 4 5 6 |  6.5
Fighting       | |  2.0
Throwing       | |  1.7
Dodging        | |  2.6

Action                   |  1- 3 |  4- 6 || total
-------------------------+-------+-------++-------
Melee: Quarterstaff      |   176 |   136 ||   312
       Headbutt          |       |    22 ||    22
Throw: Throwing net      |       |     1 ||     1
  Use: Scroll            |     3 |     9 ||    12
       Potion            |     1 |     1 ||     2
  Eat: Chunk             |     1 |     3 ||     4
       Ration            |       |     1 ||     1
Armor: Leather armour    |    22 |       ||    22
       Ring mail         |    26 |    42 ||    68
       Chain mail        |       |    10 ||    10
Dodge: Dodged            |    82 |    71 ||   153

Table legend:
 A = Spawn XP
 B = Non-spawn XP
 C = Spawn XP percentage of total XP
 D = Spawn monster count
 E = Non-spawn monster count
 F = Spawn count percentage of total count
 G = Total turns spent on level
                    A         B        C        D         E        F      G
               +---------+---------+-------+---------+---------+-------+---------
         Total |       0 |     469 |   0.0 |       0 |      84 |   0.0 |  3240
               +---------+---------+-------+---------+---------+-------+---------
           D:1 |       0 |      40 |   0.0 |       0 |      23 |   0.0 |   863
           D:2 |       0 |      80 |   0.0 |       0 |      23 |   0.0 |   999
           D:3 |       0 |      82 |   0.0 |       0 |      18 |   0.0 |   700
           D:4 |       0 |     267 |   0.0 |       0 |      20 |   0.0 |   676
               +---------+---------+-------+---------+---------+-------+---------
